 Dungeon Crawl Stone Soup version 0.27-a0-920-gb2bd10914a (webtiles) character file.

Game seed: 6088679289664277993

786 harryhousin the Covert (level 7, 0/60 HPs)
             Began as a Gnoll Delver on Apr 9, 2021.
             Slain by a black bear (2 damage)
             ... on level 5 of the Dungeon.
             The game lasted 00:12:17 (7525 turns).

harryhousin the Covert (Gnoll Delver)               Turns: 7525, Time: 00:12:18

Health: 0/60       AC:  7    Str: 12    XL:     7   Next: 87%
Magic:  11/11      EV: 10    Int: 10    God:
Gold:   245        SH:  0    Dex: 14    Spells: 11/11 levels left

rFire    + . .     SeeInvis .   a - +0 mace
rCold    . . .     Faith    .   (no shield)
rNeg     . . .     Spirit   .   m - +1 scale mail {rF+}
rPois    .         Reflect  .   (no helmet)
rElec    .         Harm     .   (no cloak)
rCorr    .         Rampage  .   (no gloves)
Will     .....                  (no boots)
Stlth    +++.......             (no amulet)
HPRegen  0.20/turn              (no ring)
MPRegen  0.12/turn              (no ring)

@: studying Polearms
A: fangs 1, strong nose, distributed training
a: no special abilities


You were on level 5 of the Dungeon.
You visited 1 branch of the dungeon, and saw 5 of its levels.
You also visited: Ossuary.

You collected 245 gold pieces.

Inventory:

Hand Weapons
 a - a +0 mace (weapon)
Armour
 m - a +1 scale mail of fire resistance (worn)
Wands
 g - a wand of digging (3)
Scrolls
 c - 2 scrolls of fog
 d - a scroll of magic mapping
 e - 3 scrolls of fear
 i - 2 scrolls of identify
 o - 3 scrolls of teleportation {unknown}
 q - a scroll of enchant weapon {unknown}
 r - 3 scrolls of noise {unknown}
 s - a scroll of immolation {unknown}
Potions
 b - 3 potions of lignification {unknown}
 f - a potion of might {unknown}
 h - 2 potions of magic
 j - 3 potions of curing
 k - a potion of resistance {unknown}
 l - a potion of berserk rage {unknown}
 n - a potion of heal wounds {unknown}
 p - a potion of cancellation {unknown}
 t - a potion of mutation {unknown}


   Skills:
 + Level 7.1 Fighting
 + Level 2.7 Short Blades
 + Level 2.7 Long Blades
 + Level 2.7 Axes
 + Level 5.4 Maces & Flails
 + Level 3.2 Polearms
 + Level 2.7 Staves
 + Level 2.7 Slings
 + Level 2.7 Bows
 + Level 2.7 Crossbows
 + Level 2.7 Throwing
 + Level 2.7 Armour
 + Level 5.4 Dodging
 + Level 9.9 Stealth
 + Level 2.7 Shields
 + Level 2.7 Unarmed Combat
 + Level 2.7 Spellcasting
 + Level 2.2 Conjurations
 + Level 2.2 Hexes
 + Level 2.2 Summonings
 + Level 2.2 Necromancy
 + Level 2.2 Translocations
 + Level 2.2 Transmutations
 + Level 2.2 Fire Magic
 + Level 2.2 Ice Magic
 + Level 2.2 Air Magic
 + Level 2.2 Earth Magic
 + Level 2.2 Poison Magic
 + Level 3.0 Invocations
 + Level 2.7 Evocations


You had 11 spell levels left.
You didn't know any spells.
Your spell library was empty.

Dungeon Overview and Level Annotations

Branches:
Dungeon (5/15)             Temple (0/1) D:5         Ossuary (visited)

Altars:
Wu Jian

Shops:
D:1 (


Innate Abilities, Weirdness & Mutations

You have very sharp teeth.
Your uncanny sense of smell can sniff out nearby items.
Your experience applies equally to all skills.


Message History

You hit the black bear but do no damage.
You bite the black bear.
The black bear is heavily wounded.
The black bear barely misses you.
The black bear claws you but does no damage. x2
You hit the black bear. Your bite misses the black bear.
The black bear is severely wounded.
The black bear bites you but does no damage.
The black bear claws you but does no damage.
The black bear barely misses you.
You hit the black bear.
The black bear is severely wounded.
The black bear goes berserk!
The black bear bites you. The black bear closely misses you.
The black bear claws you.
You hit the black bear.
The black bear is almost dead.
The black bear bites you. The black bear claws you.
The black bear barely misses you.
You are too injured to fight recklessly!
You are too injured to fight recklessly!
You are too injured to fight recklessly!
You are too injured to fight recklessly!
You are too injured to fight recklessly!
You hit the black bear but do no damage.
The black bear is almost dead.
The black bear bites you but does no damage.
The black bear claws you but does no damage.
The black bear claws you. The black bear bites you!
* * * LOW HITPOINT WARNING * * *
The black bear closely misses you.
The black bear claws you but does no damage.
You hit the black bear.
The black bear is almost dead.
The black bear bites you.
* * * LOW HITPOINT WARNING * * *
The black bear claws you.
* * * LOW HITPOINT WARNING * * *
The black bear closely misses you. The black bear barely misses you.
The black bear claws you.
You die...

... ###### #..#
###
##....###..####...
#...............#
#...............#
#...............#
#.......(.......#
#..h............+
.
#...@...........#
..
#.....####'##...#
#.. #######
...##...##..#
#..!.#........
+....#..>.(...
#.<..#........
#....#.<......
#....+........
#.##.##..


You could see a black bear (berserk).

Vanquished Creatures
  A necrophage (D:4)
  An elf zombie (Ossuary)
  A water moccasin skeleton (D:4)
  A jelly (D:4)
  A centaur zombie (Ossuary)
  A hound (D:4)
  A bullfrog skeleton (D:5)
  A human zombie (Ossuary)
  Jessica (D:3)
  Terence (D:2)
  An iguana (D:4)
  An orc wizard (D:3)
  2 hound zombies (Ossuary)
  4 mummies
  A hound skeleton (D:5)
  3 gnolls (D:3)
  6 adders
  An ufetubus (D:3)
  6 adder zombies (Ossuary)
  An adder skeleton (D:4)
  4 worms
  2 dart slugs
  6 orcs (D:3)
  6 ball pythons
  2 bats
  7 endoplasms
  4 giant cockroaches
  A gnoll zombie (Ossuary)
  6 goblins
  3 hobgoblins
  5 jackals
  2 quokkas (D:2)
  5 frilled lizards
  5 goblin zombies (Ossuary)
  3 hobgoblin zombies (Ossuary)
  4 kobolds
  3 kobold zombies
  7 orc zombies
  3 quokka zombies (Ossuary)
  2 rats
116 creatures vanquished.

Notes
Turn   | Place    | Note
-------+----------+-------------------------------------------
     0 | D:5      | Reached skill level 9 in Stealth
     0 | D:5      | harryhousin the Gnoll Delver began the quest for the Orb.
     0 | D:5      | Reached XP level 1. HP: 23/23 MP: 1/1
    43 | D:4      | Found a sand-covered staircase.
    55 | D:4      | Reached XP level 2. HP: 6/29 MP: 2/2
   260 | Ossuary  | Entered an ossuary
   567 | Ossuary  | Reached skill level 1 in Invocations
   567 | Ossuary  | Reached XP level 3. HP: 23/35 MP: 2/4
   703 | Ossuary  | Reached skill level 1 in Short Blades
   703 | Ossuary  | Reached skill level 1 in Long Blades
   703 | Ossuary  | Reached skill level 1 in Axes
   703 | Ossuary  | Reached skill level 1 in Polearms
   703 | Ossuary  | Reached skill level 1 in Staves
   703 | Ossuary  | Reached skill level 1 in Slings
   703 | Ossuary  | Reached skill level 1 in Bows
   703 | Ossuary  | Reached skill level 1 in Crossbows
   703 | Ossuary  | Reached skill level 1 in Throwing
   703 | Ossuary  | Reached skill level 1 in Armour
   703 | Ossuary  | Reached skill level 1 in Shields
   703 | Ossuary  | Reached skill level 1 in Unarmed Combat
   703 | Ossuary  | Reached skill level 1 in Spellcasting
   703 | Ossuary  | Reached skill level 1 in Evocations
   703 | Ossuary  | Reached XP level 4. HP: 13/41 MP: 5/5
   923 | Ossuary  | Reached skill level 1 in Conjurations
   923 | Ossuary  | Reached skill level 1 in Hexes
   923 | Ossuary  | Reached skill level 1 in Summonings
   923 | Ossuary  | Reached skill level 1 in Necromancy
   923 | Ossuary  | Reached skill level 1 in Translocations
   923 | Ossuary  | Reached skill level 1 in Transmutations
   923 | Ossuary  | Reached skill level 1 in Fire Magic
   923 | Ossuary  | Reached skill level 1 in Ice Magic
   923 | Ossuary  | Reached skill level 1 in Air Magic
   923 | Ossuary  | Reached skill level 1 in Earth Magic
   923 | Ossuary  | Reached skill level 1 in Poison Magic
  1223 | Ossuary  | HP: 1/41 [human zombie (4)]
  1225 | Ossuary  | Reached XP level 5. HP: 1/47 MP: 5/7
  1922 | Ossuary  | Reached XP level 6. HP: 18/53 MP: 8/8
  2403 | D:4      | Reached skill level 5 in Maces & Flails
  2403 | D:4      | Reached skill level 5 in Dodging
  2817 | D:4      | Noticed a necrophage
  2833 | D:4      | Killed a necrophage
  3262 | D:4      | Reached XP level 7. HP: 38/59 MP: 10/10
  3847 | D:3      | Noticed Jessica
  4292 | D:3      | Killed Jessica
  4718 | D:2      | Noticed Terence
  4743 | D:2      | Killed Terence
  5157 | D:1      | Found Qicearui's Antique Weapon Boutique.
  5479 | D:1      | Found a faded altar of an unknown god.
  7226 | D:4      | Found an ornate altar of the Wu Jian Council.
  7525 | D:5      | HP: 2/60 [black bear (6)]
  7525 | D:5      | Slain by a black bear

Illustrated notes

Levels and vault maps discovered:
D:1:      evilmike_arrival_rings, layout_basic,
          shapermc_ecumenical_altar_starsandcircs, serial_shops, shop
D:2:      layout_loops_corners, uniq_terence
D:3:      layout_basic, uniq_jessica
D:4:      layout_basic, kennysheep_mini_moat, nicolae_ossuary_entry_giza
D:5:      wander_guarded_unrand_ratskin, layout_gridville, cheibriados_altar_1,
          minmay_temple_entry_crystal_x

Skill      XL: |  1  2  3  4  5  6  7 |
---------------+----------------------+-----
Stealth        | |  9.9
Invocations    | 1 2 3 |  3.0
Short Blades   | 1 2 |  2.7
Long Blades    | 1 2 |  2.7
Axes           | 1 2 |  2.7
Polearms       | 1 2 3 |  3.2
Staves         | 1 2 |  2.7
Slings         | 1 2 |  2.7
Bows           | 1 2 |  2.7
Crossbows      | 1 2 |  2.7
Throwing       | 1 2 |  2.7
Armour         | 1 2 |  2.7
Shields        | 1 2 |  2.7
Unarmed Combat | 1 2 |  2.7
Spellcasting   | 1 2 |  2.7
Evocations     | 1 2 |  2.7
Conjurations   | 1 2 |  2.2
Hexes          | 1 2 |  2.2
Summonings     | 1 2 |  2.2
Necromancy     | 1 2 |  2.2
Translocations | 1 2 |  2.2
Transmutations | 1 2 |  2.2
Fire Magic     | 1 2 |  2.2
Ice Magic      | 1 2 |  2.2
Air Magic      | 1 2 |  2.2
Earth Magic    | 1 2 |  2.2
Poison Magic   | 1 2 |  2.2
Maces & Flails | 5 |  5.4
Dodging        | 5 |  5.4
Fighting       | 7 |  7.1

Action                   |  1- 3 |  4- 6 |  7- 9 || total
-------------------------+-------+-------+-------++-------
Melee: Mace              |    67 |   214 |   329 ||   610
       Bite              |     6 |    24 |    34 ||    64
       Punch             |       |     3 |     2 ||     5
  Use: Scroll            |       |     2 |       ||     2
       Potion            |       |       |     1 ||     1
 Stab: Sleeping          |     4 |     7 |    19 ||    30
       Distracted        |       |     1 |     1 ||     2
Armor: Leather armour    |    13 |    36 |       ||    49
       Scale mail        |       |    16 |   164 ||   180
Dodge: Dodged            |    56 |   175 |   186 ||   417

Table legend: (Time is in decaauts)
 A = Elapsed time spent in this place.
 B = Non-inter-level travel time spent in this place.
 C = Inter-level travel time spent in this place.
 D = Time resting spent in this place.
 E = Time spent auto-exploring this place.
 F = Levels seen in this place.
 G = Mean time per level.
                   A        B        C        D        E       F      G
               +--------+--------+--------+--------+--------+-----+--------+
         Total |   7601 |   7481 |    120 |   2679 |   3421 |   6 | 1266.8 |
       Dungeon |   5647 |   5527 |    120 |   1165 |   3398 |   5 | 1129.4 |
       Ossuary |   1953 |   1953 |      0 |   1514 |     23 |   1 | 1953.0 |
               +--------+--------+--------+--------+--------+-----+--------+

Top non-repeatable levels by time:
     D:4: 2012 daAuts
 Ossuary: 1953 daAuts
     D:2: 1478 daAuts
     D:3: 1157 daAuts
     D:1: 863 daAuts
     D:5: 135 daAuts
